 Dungeon Crawl Stone Soup version 0.26.1-11-gd32895ea62 (webtiles) character file.

Game seed: 2050647098623131797

354 dtburroughs the Chopper (level 6, -1/56 HPs)
             Began as a Minotaur Berserker on June 17, 2021.
             Was a Priest of Trog.
             Slain by a worker ant (5 damage)
             ... on level 4 of the Dungeon.
             The game lasted 00:07:33 (3405 turns).

dtburroughs the Chopper (Minotaur Berserker)        Turns: 3405, Time: 00:07:33

Health: -1/56      AC:  2    Str: 22    XL:     6   Next: 35%
Magic:  5/5        EV: 13    Int:  6    God:    Trog [***...]
Gold:   258        SH:  0    Dex:  9    Spells: 5/5 levels left

rFire    . . .     SeeInvis .   x - +0 war axe
rCold    . . .     Faith    .   (no shield)
rNeg     . . .     Spirit   .   b - +0 animal skin
rPois    .         Reflect  .   (helmet restricted)
rElec    .         Harm     .   (no cloak)
rCorr    .         Rampage  .   (no gloves)
Will     .....                  (no boots)
Stlth    +.........             (no amulet)
HPRegen  0.18/turn              (no ring)
MPRegen  0.09/turn              (no ring)

@: lethally poisoned (-1 -> -12), hasted, very quick
A: retaliatory headbutt, horns 2
a: Renounce Religion, Berserk, Trog's Hand


You were on level 4 of the Dungeon.
You worshipped Trog.
Trog was most pleased with you.
You visited 1 branch of the dungeon, and saw 4 of its levels.

You collected 258 gold pieces.

Inventory:

Hand Weapons
 a - a +0 hand axe
 x - a +0 war axe (weapon)
Armour
 b - a +0 animal skin (worn)
 i - a +0 leather armour
 l - a +0 scale mail
 n - a +0 ring mail
 t - a +0 cloak
Jewellery
 j - an uncursed ring of see invisible {unknown}
 w - a cursed -4 ring of intelligence {unknown}
Scrolls
 c - 5 scrolls of magic mapping {unknown}
 d - 2 scrolls of enchant armour {unknown}
 e - 3 scrolls of identify {unknown}
 f - 4 scrolls of fear {unknown}
 g - a scroll of immolation {unknown}
 k - a scroll of fog {unknown}
 m - 4 scrolls of remove curse {unknown}
 q - a scroll of amnesia {unknown}
Potions
 h - a potion of haste
 o - a potion of invisibility {unknown}
 p - 2 potions of curing {unknown}
 r - 2 potions of ambrosia {unknown}
 s - a potion of attraction {unknown}
 u - a potion of resistance {unknown}
 v - a potion of heal wounds {unknown}


   Skills:
 + Level 5.3 Fighting
 + Level 5.3 Axes
 + Level 4.5 Armour
 + Level 4.1 Dodging


You had 5 spell levels left.
You didn't know any spells.
Your spell library was empty.

Dungeon Overview and Level Annotations

Branches:
Dungeon (4/15)             Temple (0/1) D:4

Altars:
Fedhas
Gozag


Innate Abilities, Weirdness & Mutations

You reflexively headbutt those who attack you in melee.
You have a pair of horns on your head.


Message History

The worker ant is lightly wounded.
You barely miss the ogre.
You feel sick. The worker ant barely misses you.
The ogre hits you with a +0 giant club!!
* * * LOW HITPOINT WARNING * * *
The worker ant bites you.
* * * LOW HITPOINT WARNING * * *
You are lethally poisoned!
The worker ant poisons you!
You closely miss the worker ant. You headbutt the worker ant.
The worker ant is moderately wounded.
You barely miss the ogre.
* * * LOW HITPOINT WARNING * * *
You feel sick. The ogre closely misses you. The worker ant bites you.
* * * LOW HITPOINT WARNING * * *
It was a potion of haste.
You feel yourself speed up.
* * * LOW HITPOINT WARNING * * *
You feel sick.
An adder comes into view.
The worker ant bites you.
You die...

.##.....###).##.
#..##.....# #8>8.P
....#.....# #####P S#
..........##### #. ...
#......##.....###. ..
.........##.......
.###.##.................
.......OB.........######
###.##@##........######
#...........##.........
#..##.#.#.##........####
#...#.###.........##
###.#........#....#..#
........#######...##..
.......<# #######.
.........# #####...
.........#######.......


You could see an ogre, a worker ant and an adder (wandering).

Vanquished Creatures
  Sigmund (D:3)
  A bullfrog skeleton (D:4)
  An iguana (D:3)
  Robin (D:3)
  6 adders
  An ooze (D:4)
  A worm (D:3)
  3 dart slugs (D:1)
  2 leopard geckos (D:1)
  An orc (D:3)
  3 giant cockroaches
  17 goblins
  9 hobgoblins
  4 jackals (D:3)
  11 kobolds
  3 quokkas
  A ball python (D:2)
  6 bats
  7 frilled lizards
  5 rats
84 creatures vanquished.

Vanquished Creatures (others)
  4 fungi (D:4)
  2 plants
6 creatures vanquished.

Grand Total: 90 creatures vanquished

Notes
Turn   | Place    | Note
-------+----------+-------------------------------------------
     0 | D:1      | dtburroughs the Minotaur Berserker began the quest for the
                  | Orb.
     0 | D:1      | Reached XP level 1. HP: 19/19 MP: 0/0
   123 | D:1      | Reached XP level 2. HP: 26/27 MP: 1/1
   377 | D:1      | Reached XP level 3. HP: 30/33 MP: 2/2
   385 | D:1      | Reached ** piety under Trog
  1437 | D:2      | Reached XP level 4. HP: 36/40 MP: 3/3
  1700 | D:3      | Noticed Robin
  1710 | D:3      | Killed Robin
  1876 | D:3      | Found a faded altar of an unknown god.
  2208 | D:3      | Reached *** piety under Trog
  2429 | D:3      | Noticed Sigmund
  2449 | D:3      | Killed Sigmund
  2450 | D:3      | Reached skill level 5 in Fighting
  2450 | D:3      | Reached skill level 5 in Axes
  2450 | D:3      | Reached XP level 5. HP: 48/48 MP: 4/4
  2465 | D:3      | Reached XP level 6. HP: 56/56 MP: 5/5
  2726 | D:3      | Found an opulent altar of Gozag.
  3178 | D:4      | Found a blossoming altar of Fedhas.
  3182 | D:4      | Found a staircase to the Ecumenical Temple.
  3405 | D:4      | Slain by a worker ant

Illustrated notes

Levels and vault maps discovered:
D:1:      dpeg_arrival_pond, layout_basic, serial_bayou_crossing
D:2:      layout_rooms
D:3:      layout_basic, grunt_gozag_breadcrumbs, serial_aquarium,
          aquarium_bridge_long_separate [aquarium_subvault_bridge,
          aquarium_subvault_bridge, aquarium_subvault_wall,
          aquarium_subvault_wall, aquarium_subvault_window,
          aquarium_subvault_bridge], aquarium_window_fake,
          aquarium_window_corner, aquarium_view_2d, aquarium_view_2g,
          aquarium_pool_split, chequers_ecumenical_altar_simple, uniq_robin,
          uniq_sigmund
D:4:      layout_rooms, temple_statues, serial_glass, glass_columns_a,
          glass_columns_a, glass_columns_b, glass_columns_c, glass_columns_b,
          glass_columns_c, nicolae_ossuary_entry_plus,
          chequers_decorated_corner, fedhas_altar_3

Skill      XL: |  1  2  3  4  5  6 |
---------------+-------------------+-----
Axes           | 4 5 |  5.3
Fighting       | 4 5 |  5.3
Armour         | 3 4 |  4.5
Dodging        | 3 4 |  4.1

Action                   |  1- 3 |  4- 6 || total
-------------------------+-------+-------++-------
Melee: Hand axe          |    95 |    93 ||   188
       Headbutt          |    13 |    11 ||    24
       War axe           |       |     6 ||     6
Invok: Trog's Hand       |       |     1 ||     1
  Use: Potion            |       |     1 ||     1
Armor: Animal skin       |    12 |    20 ||    32
Dodge: Dodged            |    78 |    75 ||   153
